 Dungeon Crawl Stone Soup version 0.18-b1-14-g029dad2 (webtiles) character file.

6899 RudyRod the Reanimator (level 10, -11/71 HPs)
             Began as a Demonspawn Necromancer on Apr 30, 2016.
             Was a Believer of Vehumet.
             Mangled by a hill giant
             ... wielding a +0 giant spiked club
              (28 damage)
             ... on level 10 of the Dungeon.
             The game lasted 02:00:21 (16307 turns).

RudyRod the Reanimator (Demonspawn Necromancer)    Turns: 16307, Time: 02:00:22

Health: -11/71     AC:  8    Str:  8      XL:     10   Next: 79%
Magic:  14/24      EV:  7    Int: 22      God:    Vehumet [**....]
Gold:   549        SH:  0    Dex: 16 (17) Spells: 7 memorised, 12 levels left

rFire  + . .     SeeInvis +     j - +1 rapier (flame)
rCold  x . .     Gourm    .     r - +3 leather armour
rNeg   . . .     Faith    .     (no shield)
rPois  .         Spirit   .     (helmet restricted)
rElec  .         Dismiss  .     (no cloak)
rCorr  .         Reflect  .     (no gloves)
SustAt .         Harm     .     (no boots)
MR     .....                    (no amulet)
Stlth  +++.......               y - ring "Norgh" {rC- Dex+3 SInv Stlth+}
                                m - +2 ring of intelligence

@: held, not resistant to hostile enchantments, fairly stealthy
A: antennae 1, rugged brown scales 2, fire resistance 1
a: Renounce Religion


You were on level 10 of the Dungeon.
You worshipped Vehumet.
Vehumet was pleased with you.
You were not hungry.

You visited 2 branches of the dungeon, and saw 12 of its levels.

You collected 549 gold pieces.

Inventory:

Hand Weapons
 e - a +0 short sword
 f - a +2 dagger of freezing
 j - a +1 rapier of flaming (weapon)
Missiles
 C - 104 stones (quivered)
 N - a throwing net
Armour
 a - a +0 robe
 n - a +0 robe
 r - a +3 leather armour (worn)
 F - a +2 robe of cold resistance
 M - a cursed +0 robe
 O - the cursed +0 scale mail of Gorchot {rN++ Dex+3}
   (You found it on level 8 of the Dungeon)

   It affects your dexterity (+3).
   It greatly protects you from negative energy.
   It has a curse placed upon it.
 V - a troll hide
Jewellery
 m - a +2 ring of intelligence (left hand)
 o - an uncursed ring of poison resistance
 q - an uncursed ring of sustain attributes
 y - the ring "Norgh" (right hand) {rC- Dex+3 SInv Stlth+}
   (You found it on level 4 of the Dungeon)

   [ring of see invisible]

   It affects your dexterity (+3).
   It makes you vulnerable to cold.
   It lets you see invisible.
   It makes you more stealthy.
 A - an uncursed ring of protection from cold
Wands
 s - a wand of confusion (12/48)
 P - a wand of random effects (21/48)
Scrolls
 u - 2 scrolls of recharging
 v - 2 scrolls of fog {unknown}
 x - 3 scrolls of enchant weapon
 D - a scroll of vulnerability {unknown}
 E - 3 scrolls of remove curse
 H - 2 scrolls of immolation {unknown}
 I - 3 scrolls of enchant armour {unknown}
 K - 3 scrolls of magic mapping
 Q - a scroll of torment {unknown}
Potions
 d - a potion of heal wounds {unknown}
 g - 3 potions of lignification
 h - a potion of cancellation {unknown}
 k - 2 potions of resistance
 p - a potion of curing {unknown}
 t - 3 potions of degeneration {unknown}
 w - 2 potions of haste {unknown}
 z - a potion of cure mutation {unknown}
 G - a potion of berserk rage {unknown}
 J - a potion of magic {unknown}
 S - a potion of beneficial mutation {unknown}
 T - a potion of might {unknown}
Books
 b - a book of Necromancy

   Spells                             Type                      Level
   a - Pain                           Necromancy                   1
   b - Animate Skeleton               Necromancy                   1
   c - Vampiric Draining              Necromancy                   3
   d - Regeneration                   Charms/Necromancy            3
   e - Animate Dead                   Necromancy                   4
   f - Control Undead                 Necromancy                   4
Miscellaneous
 R - a fan of gales
Comestibles
 c - 5 bread rations
 i - a beef jerky
 l - 3 meat rations
 B - 2 fruits
 L - 3 slices of pizza
 U - 3 chunks of flesh


   Skills:
 + Level 2.4 Fighting
 + Level 1.5 Short Blades
 + Level 2.9 Armour
 + Level 4.8 Dodging
 + Level 2.7 Stealth
 + Level 10.1 Spellcasting
 + Level 1.1 Charms
 + Level 11.5 Necromancy
 * Level 0.8 Air Magic
 * Level 1.1 Earth Magic
 + Level 0.4 Evocations


You had 12 spell levels left.
You knew the following spells:

 Your Spells              Type           Power        Failure   Level  Hunger
a - Pain                  Necr           ####         1%          1    None
b - Vampiric Draining     Necr           ######....   1%          3    None
c - Regeneration          Chrm/Necr      #####.....   1%          3    None
d - Animate Dead          Necr           N/A          1%          4    ##.....
e - Control Undead        Necr           ######....   1%          4    ##.....
f - Sandblast             Erth           ###...       6%          1    None
g - Shock                 Conj/Air       ##..         10%         1    None


Dungeon Overview and Level Annotations

Branches:
Dungeon (11/15)            Temple (1/1) D:6             Orc (0/2) D:10
   Lair: D:8-11

Altars:
Ashenzari
Cheibriados
Dithmenos
Elyvilon
Fedhas
Gozag
Kikubaaqudgha
Makhleb
Nemelex Xobeh
Okawaru
Pakellas
Qazlal
Ru
Sif Muna
Trog
Vehumet
Xom
Yredelemnul
Zin
The Shining One

Portals:
Trove: D:10 (give +7 demon trident)


Innate Abilities, Weirdness & Mutations

You have a pair of small antennae on your head.
You are mostly covered in rugged brown scales (AC +2, +5% HP).
Your flesh is heat resistant.


Message History

The hill giant hits you with a giant spiked club!!
* * * LOW HITPOINT WARNING * * *
The howler monkey hoots and howls with incredible vigour!
You hear a shout!
Casting: Pain
Confirm with . or Enter, or press ? or * to list all spells.
Aiming: Vampiric Draining
Press: ? - help, Shift-Dir - straight line, f/p - hill giant
Aim: a hill giant, wielding a giant spiked club (heavily wounded)
The hill giant is severely wounded.
You feel life coursing into your body.
Casting: Vampiric Draining
Confirm with . or Enter, or press ? or * to list all spells.
Aiming: Vampiric Draining
Press: ? - help, Shift-Dir - straight line, f/p - hill giant
Aim: a hill giant, wielding a giant spiked club (severely wounded)
The hill giant is almost dead.
You feel life coursing into your body.
The hill giant hits you with a giant spiked club!!
You die...

#######...####.####.#.## #.....#.
#...# #........##########.
#######...# ######.###...## #Z
..#.......# #.##.....## #.
..#.###...##### #.#.......## #.
..............# #..........###.
..........###.# #...........##.
........#.###.#####^..........###
.....).<#.....).@Ch.........#....
>.........###.####)###.....######
........#####.# #.# ##...##
......[......)# #h# #####
............### #.# .......####.#
#.....# .#.##....##.# #.###.#
...##.......# #. .# .####......<#
#.###.#


You could see a hill giant and a howler monkey.

Vanquished Creatures
  Erolcha (D:9)
  A hill giant (D:10)
  A troll (D:10)
  Prince Ribbit (D:6)
  3 hippogriffs (D:7)
  A water moccasin (D:8)
  4 orc warriors
  2 sky beasts
  A wasp (D:8)
  4 ice beasts
  A black bear (D:9)
  7 ogres
  5 centaurs
  5 giant frogs
  3 gnoll sergeants
  A water moccasin skeleton (D:6)
  2 scorpions
  4 killer bees (D:8)
  5 wights
  A howler monkey (D:5)
  4 crimson imps
  A centaur zombie (D:11)
  8 hounds
  2 jellies (D:9)
  4 orc priests
  8 orc wizards
  A centaur skeleton (D:6)
  2 giant frog skeletons (D:8)
  7 worker ants
  A killer bee zombie (D:9)
  2 hound zombies
  19 gnolls
  2 howler monkey skeletons
  5 adders
  3 shadow imps
  An ooze (D:5)
  6 worms
  3 dart slugs
  7 giant geckos
  21 orcs
  4 bats
  3 giant cockroaches
  10 goblins
  7 hobgoblins
  18 jackals
  4 quokkas
  2 giant gecko skeletons (D:5)
  2 giant gecko zombies
  5 giant newts
  11 kobolds
  A quokka skeleton (D:5)
  8 rats
  3 bushes (D:2)
  A plant (D:2)
239 creatures vanquished.

Vanquished Creatures (collateral kills)
  A manticore (D:10)
  An orc warrior (D:10)
  An eye of draining (D:11)
  A big kobold (D:10)
  2 giant frogs (D:7)
  A gnoll sergeant (D:10)
  3 wights
  2 crimson imps
  A jelly (D:10)
  A quasit (D:10)
  A giant frog skeleton (D:11)
  A worker ant (D:10)
  5 gnolls
  3 orcs
  6 jackals
  3 kobolds (D:10)
33 creatures vanquished.

Vanquished Creatures (others)
  A wight (D:9)
1 creature vanquished.

Grand Total: 273 creatures vanquished

Notes
Turn   | Place    | Note
--------------------------------------------------------------
     0 | D:1      | RudyRod the Demonspawn Necromancer began the quest for the Orb.
     0 | D:1      | Reached XP level 1. HP: 13/13 MP: 3/3
   260 | D:1      | Gained mutation: You have a pair of small antennae on your head. [demonic ancestry]
   260 | D:1      | Reached XP level 2. HP: 16/19 MP: 0/5
   505 | D:1      | Reached skill level 5 in Necromancy
  1120 | D:2      | Gained mutation: You are partially covered in rugged brown scales (AC +1, +3% HP). [demonic ancestry]
  1120 | D:2      | Reached XP level 3. HP: 15/24 MP: 1/6
  1371 | D:2      | Found a glowing golden altar of the Shining One.
  1585 | D:2      | Reached XP level 4. HP: 27/30 MP: 4/8
  1898 | D:2      | Found a snail-covered altar of Cheibriados.
  2532 | D:3      | Learned a level 3 spell: Vampiric Draining
  2536 | D:3      | Learned a level 3 spell: Regeneration
  3462 | D:3      | Reached XP level 5. HP: 30/36 MP: 3/10
  3797 | D:3      | Reached skill level 6 in Necromancy
  4630 | D:4      | Got a translucent ivory ring
  4631 | D:4      | Identified the ring "Norgh" {rC- Dex+3 SInv Stlth+} (You found it on level 4 of the Dungeon)
  4895 | D:5      | Entered Level 5 of the Dungeon
  5182 | D:5      | Gained mutation: You are mostly covered in rugged brown scales (AC +2, +5% HP). [demonic ancestry]
  5182 | D:5      | Reached XP level 6. HP: 34/43 MP: 12/12
  5387 | D:5      | You fall through a shaft for 2 floors!
  5522 | D:7      | Found a snail-covered altar of Cheibriados.
  5525 | D:7      | Noticed a sky beast
  5534 | D:7      | Killed a sky beast
  5653 | D:7      | Reached skill level 7 in Necromancy
  5653 | D:7      | Gained mutation: Your flesh is heat resistant. [demonic ancestry]
  5653 | D:7      | Reached XP level 7. HP: 36/48 MP: 7/14
  5803 | D:7      | Noticed a hippogriff
  5833 | D:7      | Killed a hippogriff
  5833 | D:7      | Reached skill level 1 in Armour
  5833 | D:7      | Reached skill level 5 in Spellcasting
  5833 | D:7      | Reached skill level 1 in Charms
  6028 | D:6      | Found a staircase to the Ecumenical Temple.
  6036 | Temple   | Entered the Ecumenical Temple
  6157 | D:6      | Found a sparkling altar of Nemelex Xobeh.
  6401 | D:5      | Reached XP level 8. HP: 49/55 MP: 6/16
  6408 | D:5      | Learned a level 4 spell: Animate Dead
  6612 | D:5      | Reached skill level 8 in Necromancy
  7119 | D:6      | Learned a level 4 spell: Control Undead
  7148 | D:6      | Found a deep blue altar of Sif Muna.
  7221 | D:6      | Reached skill level 1 in Fighting
  7425 | D:6      | Found a burning altar of Makhleb.
  7439 | D:6      | Found an oddly glowing altar of Pakellas.
  7451 | D:6      | Found a shadowy altar of Dithmenos.
  7979 | D:6      | Reached skill level 1 in Short Blades
  8827 | D:7      | Reached skill level 9 in Necromancy
  8838 | D:7      | Noticed Prince Ribbit
  9060 | D:7      | Reached XP level 9. HP: 59/61 MP: 19/19
  9385 | D:6      | Killed Prince Ribbit
  9682 | D:7      | Found a white marble altar of Elyvilon.
  9684 | D:7      | Found a blossoming altar of Fedhas.
  9711 | D:7      | Found a sacrificial altar of Ru.
  9715 | D:7      | Found a sparkling altar of Nemelex Xobeh.
 10158 | D:8      | Found a stormy altar of Qazlal.
 10530 | D:8      | Reached skill level 10 in Necromancy
 10836 | D:8      | Got a bloodstained scale mail
 10842 | D:8      | Identified the cursed +0 scale mail of Gorchot {rN++ Dex+3} (You found it on level 8 of the Dungeon)
 10868 | D:8      | Found a bloodstained altar of Trog.
 10869 | D:8      | Found a radiant altar of Vehumet.
 10873 | D:8      | Became a worshipper of Vehumet
 12409 | D:9      | Noticed Erolcha
 12446 | D:9      | Reached XP level 10. HP: 28/70 MP: 11/22
 13258 | D:9      | Killed Erolcha
 13598 | D:9      | Reached * piety under Vehumet
 13598 | D:9      | Offered knowledge of Sandblast by Vehumet.
 13602 | D:9      | Learned a level 1 spell: Sandblast
 13776 | D:10     | Entered Level 10 of the Dungeon
 13996 | D:10     | Found a staircase to the Orcish Mines.
 14705 | D:10     | Reached skill level 11 in Necromancy
 14809 | D:10     | You fall through a shaft!
 15072 | D:11     | Noticed a hill giant
 15106 | D:10     | Found a portal to a secret trove of treasure.
 15124 | D:10     | Killed a hill giant
 15425 | D:10     | Noticed a manticore
 15438 | D:10     | Killed a manticore
 15499 | D:10     | Reached skill level 10 in Spellcasting
 15514 | D:10     | Offered knowledge of Shock by Vehumet.
 15518 | D:10     | Reached ** piety under Vehumet
 15708 | D:10     | Learned a level 1 spell: Shock
 15875 | D:10     | Noticed a hill giant
 16182 | D:10     | Reached skill level 1 in Earth Magic
 16305 | D:10     | HP: 3/71 [hill giant/giant spiked club (28)]
 16307 | D:10     | Mangled by a hill giant

Skill      XL: |  1  2  3  4  5  6  7  8  9 10 |
---------------+-------------------------------+-----
Necromancy     | 5 6 7 9 10 11 | 11.5
Dodging        | 2 3 4 |  4.8
Spellcasting   | 3 4 5 7 8 10 | 10.1
Armour         | 1 2 |  2.9
Charms         | 1 |  1.1
Stealth        | 2 |  2.7
Fighting       | 1 2 |  2.4
Short Blades   | 1 |  1.5
Earth Magic    | 1 |  1.1
Air Magic      | |  0.8
Evocations     | |  0.4

Action                   |  1- 3 |  4- 6 |  7- 9 | 10-12 || total
-------------------------+-------+-------+-------+-------++-------
Melee: Unarmed           |     2 |       |       |       ||     2
       Dagger            |     7 |   490 |       |       ||   497
       Rapier            |       |    18 |   188 |    70 ||   276
 Cast: Pain              |    60 |   128 |   254 |   155 ||   597
       Vampiric Draining |       |     7 |    40 |    18 ||    65
       Regeneration      |       |     3 |     4 |     1 ||     8
       Animate Dead      |       |       |    17 |    18 ||    35
       Control Undead    |       |       |     3 |     4 ||     7
       Sandblast         |       |       |       |    47 ||    47
       Shock             |       |       |       |     1 ||     1
Evoke: Wand              |       |       |     1 |     1 ||     2
  Use: Scroll            |       |     9 |     8 |     1 ||    18
 Stab: Sleeping          |       |     1 |       |       ||     1
       Distracted        |       |       |       |     2 ||     2
  Eat: Chunk             |     3 |     5 |     6 |     1 ||    15
       Bread ration      |       |     2 |     3 |     3 ||     8
       Meat ration       |       |       |     1 |       ||     1
       Fruit             |       |       |     1 |       ||     1
Armor: Robe              |     9 |     5 |       |       ||    14
       Leather armour    |       |    20 |   121 |    94 ||   235
Dodge: Dodged            |    10 |    46 |   278 |   219 ||   553
